 Dungeon Crawl Stone Soup version 0.28.0-49-g6dfe1f597d (webtiles) character file.

Game seed: 6930169795352885900

6 Gutterling the Skirmisher (level 1, -1/18 HPs)
             Began as a Mummy Cinder Acolyte on May 15, 2022.
             Was a High Priest of Ignis.
             Slain by a hobgoblin (3 damage)
             ... on level 1 of the Dungeon.
             The game lasted 00:01:54 (936 turns).

Gutterling the Skirmisher (Mummy Cinder Acolyte)     Turns: 936, Time: 00:01:55

Health: -1/18      AC:  2    Str: 17    XL:     1   Next: 75%
Magic:  3/3        EV: 11    Int: 13    God:    Ignis [*****.]
Gold:   0          SH:  0    Dex:  7    Spells: 3/3 levels left

rFire   . . .      SeeInvis .   a - -1 mace (flame)
rCold   + . .      Faith    .   (no shield)
rNeg    + + +      Spirit   .   b - +0 robe
rPois   ∞          Reflect  .   (no helmet)
rElec   .          Harm     .   (no cloak)
rCorr   .          Rampage  .   (no gloves)
Will    .....                   (no boots)
Stlth   +.........              (no amulet)
HPRegen 0.06/turn               (no ring)
MPRegen 0.08/turn               (no ring)

@: no status effects
A: cold resistance 1, negative energy resistance 3, torment resistance 2, heat
vulnerability 1, no potions
a: Renounce Religion, Fiery Armour, Foxfire Swarm, Rising Flame


You were on level 1 of the Dungeon.
You worshipped Ignis.
Ignis was extremely pleased with you.
You visited 1 branch of the dungeon, and saw 1 of its levels.

Inventory:

Hand Weapons
 a - a -1 mace of flaming (weapon)
Armour
 b - a +0 robe (worn)
Scrolls
 c - a scroll of identify {unknown}


   Skills:
 + Level 3.0 Fighting
 + Level 2.6 Maces & Flails
 + Level 1.6 Spellcasting
 + Level 2.5 Fire Magic


You had 3 spell levels left.
You didn't know any spells.
Your spell library contained the following spells:

 Spells                   Type           Power      Damage    Failure   Level
 Scorch                   Fire           14%        2d5       14%         2


Dungeon Overview and Level Annotations

Branches:
Dungeon (1/15)

Altars:


Innate Abilities, Weirdness & Mutations

You are immune to poison.
Your flesh is cold resistant. (rC+)
You are immune to negative energy. (rN+++)
You are immune to unholy pain and torment.
You are vulnerable to heat. (rF-)
You do not drink.


Message History

You barely miss the rat.
The rat is moderately wounded.
The rat bites you. The rat bites you but does no damage.
You sock the rat! You burn the rat.
You kill the rat!
There is a faded altar of an unknown god here.
You cannot tell which god this altar belongs to.
Convert to them anyway?
Okay, then.
A rat comes into view.
A rat is nearby!
Found a scroll labelled BONEMMACS.
The rat twitches its whiskers.
The rat barely misses you.
You closely miss the rat. The rat closely misses you.
You closely miss the rat. The rat barely misses you. The rat misses you.
You thump the rat! You burn the rat.
You kill the rat!
c - a scroll labelled BONEMMACS A hobgoblin comes into view.
The hobgoblin shouts!
The hobgoblin moves out of view.
A hobgoblin comes into view.
The hobgoblin shouts!
There are monsters nearby!
You hit the hobgoblin but do no damage. The hobgoblin barely misses you.
You barely miss the hobgoblin. The hobgoblin closely misses you.
You closely miss the hobgoblin. The hobgoblin hits you. x3
You barely miss the hobgoblin.
The hobgoblin hits you but does no damage.
The hobgoblin hits you. x2
You barely miss the hobgoblin.
The hobgoblin hits you but does no damage. x2
You barely miss the hobgoblin. The hobgoblin closely misses you.
The hobgoblin barely misses you.
You closely miss the hobgoblin. The hobgoblin hits you.
* * * LOW HITPOINT WARNING * * *
The hobgoblin hits you.
* * * LOW HITPOINT WARNING * * *
The hobgoblin hits you.
You die...

.#....####. .#....# #.
#........ .##......
............ .##..##.#
#.##....#.. .##..##.#
#.##...... .##..##.#
#.##....# .#
.##..##.####.##....#..##
.##............gg.......
................@.....#
...................#..#
.##.###.###..#.....#
.##.# #.###..#.....#
.##.###..............
.##................#..
.##.###..##............
.##.# #..###.##....#.##
....# #..# #.......


You could see 2 hobgoblins.

Vanquished Creatures
  A giant cockroach (D:1)
  2 hobgoblins (D:1)
  A bat (D:1)
  2 rats (D:1)
6 creatures vanquished.

Notes
Turn   | Place    | Note
-------+----------+-------------------------------------------
     0 | D:1      | Gutterling the Mummy Cinder Acolyte began the quest for the
                  | Orb.
     0 | D:1      | Reached XP level 1. HP: 18/18 MP: 2/2
   793 | D:1      | Found a faded altar of an unknown god.
   936 | D:1      | Slain by a hobgoblin

Illustrated notes

Levels and vault maps discovered:
D:1:      dpeg_arrival_castle, layout_basic, ebering_ecumenical_altar_webs,
          minmay_pentomino_s4

Action                   || total
-------------------------++-------
Melee: Mace              ||    28
       Punch             ||     1
Armor: Robe              ||     6
Dodge: Dodged            ||    15
